 Dungeon Crawl Stone Soup version 0.30-a0-711-gf4ac18a38d (webtiles) character file.

Game seed: 6894709176368142505

142 avis the Shooter (level 4, 0/38 HPs)
             Began as a Demigod Hunter on Jan 22, 2023.
             Slain by an orc wizard
             ... wielding a +0 dagger
              (1 damage)
             ... on level 3 of the Dungeon.
             The game lasted 00:15:04 (2044 turns).

avis the Shooter (Demigod Hunter)                   Turns: 2044, Time: 00:15:05

Health: 0/38       AC:  3    Str: 12    XL:     4   Next: 74%
Magic:  6/6        EV: 13    Int: 11    God:
Gold:   78         SH:  0    Dex: 21    Spells: 3/3 levels left

rFire   . . .      SeeInvis .    a - +0 shortbow
rCold   . . .      Faith    .    (shield currently unavailable)
rNeg    . . .      Spirit   .    c - +0 leather armour
rPois   .          Reflect  .    (no helmet)
rElec   .          Harm     .    (no cloak)
rCorr   .          Rampage  .    (no gloves)
Will    .....                    (no boots)
Stlth   ++                       (no amulet)
HPRegen 0.26/turn                (no ring)
MPRegen 0.10/turn                (no ring)

@: no status effects
A: high MP 1, forlorn, divine attributes
a: no special abilities


You were on level 3 of the Dungeon.
You visited 1 branch of the dungeon, and saw 3 of its levels.

You collected 78 gold pieces.

Inventory:

Hand Weapons
 a - a +0 shortbow (weapon)
 b - the +4 falchion of Gallantry {heavy, rPois Dex+4}
   (You found it on level 3 of the Dungeon)

   Dex:       It affects your dexterity (+4).
   rPois:     It protects you from poison.
 s - a +2 hand axe of flaming
Missiles
 f - 6 javelins
 p - 6 poisoned darts
Armour
 c - a +0 leather armour (worn)
Scrolls
 d - 3 scrolls of fear {unknown}
 e - a scroll of immolation
 g - a scroll of teleportation {unknown}
 h - a scroll of magic mapping {unknown}
 k - 6 scrolls of identify {unknown}
 o - a scroll of amnesia {unknown}
 q - a scroll of brand weapon {unknown}
Potions
 i - a potion of curing {unknown}
 j - a potion of lignification {unknown}
 l - 2 potions of heal wounds {unknown}
 n - 2 potions of might {unknown}
 r - a potion of attraction {unknown}


   Skills:
 - Level 3.0 Fighting
 * Level 4.2 Ranged Weapons
 - Level 3.0 Dodging
 - Level 2.0 Stealth


You had 3 spell levels left.
You didn't know any spells.
Your spell library contained the following spells:

 Spells                   Type           Power      Damage    Failure   Level
 Ensorcelled Hibernation  Hex/Ice        0%         N/A       56%         2
 Spider Form              Tmut/Pois      0%         N/A       80%         3
 Anguish                  Hex/Necr       0%         N/A       99%         4


Dungeon Overview and Level Annotations

Branches:
Dungeon (3/15)

Shops:
D:2 =

Annotations:
D:2 1 runed translucent door, Crazy Yiuf


Innate Abilities, Weirdness & Mutations

You have an increased reservoir of magic. (+10% MP)
You shall have no god before yourself.
Your divine heritage dramatically boosts your attributes as you level up.


Message History

You shoot an arrow. Something hits you.
* * * LOW HITPOINT WARNING * * *
Fire: a) +0 shortbow
Press: ? - help, Q - select action, (/) - cycle Shift-Dir - straight line You shoot an arrow.
Something hits you.
* * * LOW HITPOINT WARNING * * *
Something completely misses you.
Fire: a) +0 shortbow
Press: ? - help, Q - select action, (/) - cycle Shift-Dir - straight line You shoot an arrow.
Something hits you.
* * * LOW HITPOINT WARNING * * *
Fire: a) +0 shortbow
Press: ? - help, Q - select action, (/) - cycle Shift-Dir - straight line You shoot an arrow.
Something hits you but does no damage.
Fire: a) +0 shortbow
Press: ? - help, Q - select action, (/) - cycle Shift-Dir - straight line You shoot an arrow.
Something hits you.
* * * LOW HITPOINT WARNING * * *
You hear some strange, mumbled words.
Something tries to affect you, but you resist.
Fire: a) +0 shortbow
Press: ? - help, Q - select action, (/) - cycle Shift-Dir - straight line You shoot an arrow.
Something hits you.
* * * LOW HITPOINT WARNING * * *
Fire: a) +0 shortbow
Press: ? - help, Q - select action, (/) - cycle Shift-Dir - straight line You shoot an arrow.
Something hits you.
* * * LOW HITPOINT WARNING * * *
Fire: a) +0 shortbow
Press: ? - help, Q - select action, (/) - cycle Shift-Dir - straight line You shoot an arrow.
Something hits you but does no damage. Something hits you.
You die...

....# #<# .##..
#.# ###
.#######.##### ..#
....#....#.[.# #.#
###.#.####.#†###.#
..#.#.#....#...#.#
#.#.#.#.######.#)#
#...#.#.##.....#{#
....#...##.#####@#
###.##..##.......#
..#.##..##########
..#...>.#
..#####.#
........#
#########


There were no monsters in sight!

Vanquished Creatures
  An orc priest (D:3)
  3 adders (D:2)
  2 worms (D:2)
  3 dart slugs
  3 orcs (D:3)
  5 endoplasms
  4 giant cockroaches
  8 goblins
  6 hobgoblins
  4 jackals
  5 kobolds
  A quokka (D:1)
  8 ball pythons
  3 bats (D:1)
  6 frilled lizards
  7 rats
69 creatures vanquished.

Vanquished Creatures (others)
  A frilled lizard (D:2)
1 creature vanquished.

Grand Total: 70 creatures vanquished

Notes
Turn   | Place    | Note
-------+----------+-------------------------------------------
     0 | D:1      | avis the Demigod Hunter began the quest for the Orb.
     0 | D:1      | Reached XP level 1. HP: 17/17 MP: 3/3
    99 | D:1      | Reached skill level 4 in Ranged Weapons
   101 | D:1      | Reached XP level 2. HP: 24/24 MP: 4/4
   353 | D:1      | Reached XP level 3. HP: 26/29 MP: 5/5
   745 | D:2      | Reached skill level 1 in Stealth
   984 | D:2      | Found a runed translucent door.
   985 | D:2      | Noticed Crazy Yiuf
  1107 | D:2      | Found Xellilup's One-of-a-Kind Rings.
  1333 | D:2      | Reached XP level 4. HP: 37/37 MP: 6/6
  1966 | D:3      | Identified the +4 falchion of Gallantry {heavy, rPois
                  | Dex+4}
  2043 | D:3      | HP: 1/38 [something (1)]
  2044 | D:3      | Slain by an orc wizard

Illustrated notes

Levels and vault maps discovered:
D:1:      dpeg_arrival_renting, layout_rooms, minmay_surrounded
D:2:      layout_loops_cross, ebering_ecumenical_altar_box,
          palyth_stone_intersect, nicolae_shop_unique_rings,
          hangedman_feature_mirror, lemuel_flame_loot_1, uniq_crazy_yiuf_cottage
D:3:      layout_basic

Skill      XL: |  1  2  3  4 |
---------------+-------------+-----
Fighting       | 2 3 |  3.0
Ranged Weapons | 4 |  4.2
Dodging        | 2 3 |  3.0
Stealth        | 2 |  2.0

Action                     |  1- 3 |  4- 6 || total
---------------------------+-------+-------++-------
   Fire: Shortbow          |   122 |    67 ||   189
 Armour: Leather armour    |    14 |     7 ||    21
  Dodge: Dodged            |    35 |    24 ||    59

Table legend: (Time is in decaauts)
 A = Elapsed time spent in this place.
 B = Non-inter-level travel time spent in this place.
 C = Inter-level travel time spent in this place.
 D = Time resting spent in this place.
 E = Time spent auto-exploring this place.
 F = Levels seen in this place.
 G = Mean time per level.
                   A        B        C        D        E       F      G
               +--------+--------+--------+--------+--------+-----+--------+
         Total |   2109 |   1818 |    291 |    185 |   1093 |   3 |  703.0 |
       Dungeon |   2109 |   1818 |    291 |    185 |   1093 |   3 |  703.0 |
               +--------+--------+--------+--------+--------+-----+--------+

Top non-repeatable levels by time:
     D:2: 1141 daAuts
     D:1: 721 daAuts
     D:3: 246 daAuts
